 Dungeon Crawl Stone Soup version 0.19-a0-1068-g99dd0f4 (webtiles) character file.

2914 FrancescoMac the Fighter (level 9, 0/83 HPs)
             Began as a Mottled Draconian Berserker on Aug 4, 2016.
             Was an Elder of Trog.
             Killed by vampiric draining
             ... invoked by a vampire
              (5 damage)
             ... on level 7 of the Dungeon.
             The game lasted 00:20:31 (5995 turns).

FrancescoMac the Fighter (DrBe)                     Turns: 5995, Time: 00:20:32

Health: 0/83       AC:  8    Str: 20    XL:     9   Next: 50%
Magic:  9/9        EV: 16    Int:  7    God:    Trog [****..]
Gold:   394        SH:  0    Dex: 14    Spells: 0 memorised, 8 levels left

rFire  . . .     SeeInvis .     f - +1 long sword (slice)
rCold  . . .     Gourm    .     (armour unavailable)
rNeg   . . .     Faith    .     (no shield)
rPois  .         Spirit   .     (helmet restricted)
rElec  .         Dismiss  .     (no cloak)
rCorr  .         Reflect  .     y - +0 pair of gloves
SustAt .         Harm     .     (no boots)
MR     +....                    (no amulet)
Stlth  ++........               w - ring of protection from magic
                                p - ring of stealth

@:
A: breathe sticky flame splash, unfitting armour, cold-blooded, AC +7
a: Breathe Sticky Flame, Berserk, Trog's Hand, Brothers in Arms, Burn
Spellbooks, Renounce Religion


You were on level 7 of the Dungeon.
You worshipped Trog.
Trog was greatly pleased with you.
You were not hungry.

You visited 1 branch of the dungeon, and saw 7 of its levels.
You also visited: Ossuary.

You collected 528 gold pieces.
You spent 134 gold pieces at shops.

Inventory:

Hand Weapons
 a - a +1 falchion
 f - a +1 long sword of slicing (weapon)
 A - the cursed +1 whip of Gueng {venom, +Fly rElec MR-}
   (You found it on level 4 of the Dungeon)

   It poisons the flesh of those it strikes.
   It insulates you from electricity.
   It affects your resistance to hostile enchantments.
   It lets you fly.
   It has a curse placed upon it.
Armour
 v - a +0 mottled dragon armour
 y - a +0 pair of gloves (worn)
Jewellery
 p - a ring of stealth (left hand)
 s - an uncursed ring of fire
 w - a ring of protection from magic (right hand)
Wands
 m - a wand of confusion (19/48)
 n - a wand of slowing (21/48)
Scrolls
 c - 3 scrolls of recharging
 e - a scroll of magic mapping {unknown}
 h - a scroll of fear
 k - 3 scrolls of remove curse
 l - a scroll of amnesia
 r - 2 scrolls of enchant armour
 u - a scroll of holy word {unknown}
 B - a scroll of identify
 D - a scroll of blinking
 E - 2 scrolls of enchant weapon
Potions
 i - a potion of heal wounds
 j - 9 potions of curing
 o - 2 potions of haste {unknown}
 q - 2 potions of lignification {unknown}
 t - 3 potions of magic
 x - a potion of might
 C - a potion of flight {unknown}
 F - a potion of berserk rage
 G - a potion of resistance {unknown}
Comestibles
 b - 8 bread rations
 d - 5 beef jerkies
 g - 3 meat rations
 z - 6 fruits
 H - 18 chunks of flesh
 I - 8 slices of pizza


   Skills:
 + Level 9.0 Fighting
 + Level 8.3 Long Blades
 + Level 7.4 Dodging


You had 8 spell levels left.
You didn't know any spells.

Dungeon Overview and Level Annotations

Branches:
Dungeon (7/15)             Temple (0/1) D:4

Altars:
Cheibriados
Makhleb
Okawaru
Sif Muna
Uskayaw
Vehumet
Xom
Zin

Shops:
D:5 (   D:6 %

Annotations:
D:3 Ijustatesigmund's ghost, amateur DsFi; Natasha


Innate Abilities, Weirdness & Mutations

You can spit globs of burning liquid.
You can ignite nearby creatures when you spit burning liquid.
Your weird mottled scales are hard. (AC +7)
Your body does not fit into most forms of armour.
You are cold-blooded and may be slowed by cold attacks.


Message History

The vampire moves out of view.
The vampire mumbles some strange words.
The vampire flickers and vanishes!
Deactivating autopickup; reactivate with Ctrl-A.
Something hits you! Something bites you. Something hits you.
Something bites you but does no damage.
You see here a mace.
You barely miss something. Something hits you. Something bites you!
You slash something! Something hits you.
Something bites you but does no damage.
You slash something! Something hits you!
Something bites you but does no damage.
You hit something but do no damage. You tail-slap something.
Unholy energy fills the air.
* * * LOW HITPOINT WARNING * * *
You barely miss something. You tail-slap something. Something hits you!
* * * LOW HITPOINT WARNING * * *
Something bites you but does no damage.
You hit something.
Unholy energy fills the air.
You die...

......# #.#
#.###.# ......#
#.# ###..##.#
......# #.#
#........ ......#
#.# #........
......# #)#
#........
..########## #.#
#####'#.#
...........# #.#
#.#.# ...........#
#{# #.#.#
...........# #@#
#...#
...........### #.#
##..#
..#..........###.#
#..#
..##########..##.#
#..# ### #......#
##.# ..# #.####.#
#... ..# #..#.#.#
#... ### #.#.#..#
#... #.####.# #...


There were no monsters in sight!

Vanquished Creatures
  Sigmund (D:6)
  A human (D:7)
  A yak (D:7)
  3 ice beasts (D:6)
  A black bear (D:7)
  3 phantoms
  5 elf zombies (Ossuary)
  Blork the orc (D:6)
  2 giant frogs
  2 crimson imps (D:6)
  2 howler monkeys
  4 centaur zombies (Ossuary)
  2 jellies (D:7)
  A giant frog skeleton (D:5)
  3 hounds
  3 human zombies (Ossuary)
  A centaur skeleton (D:6)
  2 orc priests
  5 orc wizards
  6 worker ants
  Natasha (D:3)
  3 sheep (D:7)
  3 mummies (Ossuary)
  A howler monkey zombie (D:6)
  2 worker ant zombies
  2 howler monkey skeletons
  5 adders
  A shadow imp (D:5)
  2 worms
  5 dart slugs (D:1)
  4 giant geckos
  33 orcs
  5 giant cockroaches
  9 goblins
  4 hobgoblins
  6 jackals
  7 kobolds
  3 quokkas (D:6)
  3 ball pythons (D:3)
  8 bats
  4 giant newts
  A goblin zombie (D:7)
  A jackal skeleton (D:4)
  A quokka skeleton (D:5)
  A quokka zombie (D:7)
  2 rats
  A fungus (D:3)
167 creatures vanquished.

Vanquished Creatures (others)
  An ooze (D:4)
1 creature vanquished.

Grand Total: 168 creatures vanquished

Notes
Turn   | Place    | Note
-------+----------+-------------------------------------------
     0 | D:1      | FrancescoMac the Draconian Berserker began the quest for the Orb.
     0 | D:1      | Reached XP level 1. HP: 19/19 MP: 1/1
   179 | D:1      | Reached XP level 2. HP: 26/26 MP: 2/2
   639 | D:1      | Reached XP level 3. HP: 33/33 MP: 3/3
  1204 | D:2      | You fall through a shaft!
  1210 | D:3      | Reached ** piety under Trog
  1412 | D:3      | Reached skill level 4 in Fighting
  1432 | D:3      | Found a hide-covered altar of Uskayaw.
  1685 | D:3      | Noticed Ijustatesigmund's ghost (amateur DsFi)
  1711 | D:3      | Reached XP level 4. HP: 33/40 MP: 4/4
  1736 | D:3      | Noticed Natasha
  1747 | D:3      | Killed Natasha
  1779 | D:3      | Noticed Natasha
  1973 | D:3      | Reached XP level 5. HP: 47/47 MP: 5/5
  2297 | D:4      | Found a radiant altar of Vehumet.
  2333 | D:4      | Found a staircase to the Ecumenical Temple.
  2458 | D:4      | Reached skill level 5 in Fighting
  2458 | D:4      | Reached XP level 6. HP: 31/56 MP: 6/6
  2649 | D:4      | Reached *** piety under Trog
  2689 | D:4      | Reached skill level 5 in Long Blades
  2894 | D:4      | Got a jewelled whip
  3339 | D:4      | Identified the cursed +1 whip of Gueng {venom, +Fly rElec MR-} (You found it on level 4 of the Dungeon)
  3345 | D:5      | Entered Level 5 of the Dungeon
  3414 | D:5      | Found Exzou's Weapon Boutique.
  3434 | D:5      | Bought a +1 long sword of slicing for 134 gold pieces
  3440 | D:5      | Found a deep blue altar of Sif Muna.
  3866 | D:5      | Found a snail-covered altar of Cheibriados.
  3867 | D:5      | Found a glowing silver altar of Zin.
  3867 | D:5      | Found an iron altar of Okawaru.
  3883 | D:5      | Found a burning altar of Makhleb.
  3980 | D:5      | Your scales start taking on a weird mottled colour.
  3980 | D:5      | Reached XP level 7. HP: 62/62 MP: 7/7
  4015 | D:6      | Noticed Blork the orc
  4021 | D:6      | Killed Blork the orc
  4037 | D:6      | Reached skill level 6 in Fighting
  4037 | D:6      | Reached skill level 5 in Dodging
  4143 | D:6      | Noticed Sigmund
  4155 | D:6      | Killed Sigmund
  4155 | D:6      | Reached XP level 8. HP: 52/71 MP: 8/8
  4168 | D:6      | Reached **** piety under Trog
  4223 | D:6      | Reached skill level 7 in Fighting
  4659 | D:6      | Found Yce Xiag's Food Emporium.
  4717 | D:7      | Found a sand-covered staircase.
  4740 | Ossuary  | Entered an ossuary
  4843 | Ossuary  | Reached skill level 8 in Fighting
  4869 | Ossuary  | Reached XP level 9. HP: 32/81 MP: 9/9
  5330 | D:7      | Found a shimmering altar of Xom.
  5844 | D:7      | Reached skill level 9 in Fighting
  5995 | D:7      | Killed from afar by a vampire

Vault maps used:
D:1:      lemuel_arrival_muddy, serial_bayou_pond_d
D:2:      overflow_temple_1_default
D:3:      marbit_many_paths, first_bread, minmay_gold_behind_fungi, uniq_natasha
D:4:      fiery_altar_vehumet
D:5:      lemuel_crystal_altar, nicolae_overflow_quartered_altars, serial_shops,
          nicolae_shop_waterfront, st_stairs_1, minmay_statues_item
D:6:      serial_shops, kennysheep_little_box, uniq_sigmund, uniq_blork_the_orc
D:7:      lemuel_doored_altar, enter_ossuary_4, grunt_livestock,
          minmay_misc_feat_tiny, hangedman_decor_push
Ossuary:  ossuary_minmay_four_chambers

Skill      XL: |  1  2  3  4  5  6  7  8  9 |
---------------+----------------------------+-----
Dodging        | 3 4 5 6 7 |  7.4
Fighting       | 4 5 6 8 9 |  9.0
Long Blades    | 4 5 6 7 8 |  8.3

Action                   |  1- 3 |  4- 6 |  7- 9 || total
-------------------------+-------+-------+-------++-------
Melee: Falchion          |   144 |   200 |       ||   344
       Tailslap          |    17 |    37 |    60 ||   114
       Long sword        |       |    34 |   409 ||   443
Invok: Berserk           |       |     1 |       ||     1
  Use: Potion            |       |     6 |       ||     6
       Scroll            |       |     9 |       ||     9
 Stab: Sleeping          |     5 |     3 |     5 ||    13
  Eat: Chunk             |     3 |     7 |     2 ||    12
       Pizza             |       |     1 |       ||     1
       Meat ration       |       |       |     1 ||     1
       Fruit             |       |       |     1 ||     1
Armor: Skin              |    41 |    43 |    84 ||   168
Dodge: Dodged            |    79 |   135 |   233 ||   447
